 Dungeon Crawl Stone Soup version 0.30-a0-1075-gcd70e7a56d (webtiles) character file.

Game seed: 5915545631540500312

168 ryw the Cudgeller (level 5, -4/41 HPs)
             Began as a Mummy Fighter on Apr 15, 2023.
             Slain by an iguana (7 damage)
             ... on level 4 of the Dungeon.
             The game lasted 00:03:28 (2761 turns).

ryw the Cudgeller (Mummy Fighter)                   Turns: 2761, Time: 00:03:29

Health: -4/41      AC:  6    Str: 21    XL:     5   Next: 23%
Magic:  5/5        EV:  9    Int:  7    God:
Gold:   135        SH: 10    Dex: 12    Spells: 4/4 levels left

rFire   x . .      SeeInvis .    a - +0 flail
rCold   + . .      Faith    +    c - +1 buckler
rNeg    + + +      Spirit   .    b - +0 scale mail
rPois   ∞          Reflect  +    (no helmet)
rElec   .          Rampage  .    (no cloak)
rCorr   .                        (no gloves)
Will    .....                    (no boots) Stlth
                                 i - amulet of reflection
HPRegen 0.26/turn                (no ring)
MPRegen 0.09/turn                (no ring)

@: no status effects
A: cold resistance 1, negative energy resistance 3, torment resistance 2, heat
vulnerability 1, in touch with death 1, no potions, faith
a: no special abilities


You were on level 4 of the Dungeon.
You visited 1 branch of the dungeon, and saw 4 of its levels.

You collected 135 gold pieces.

Inventory:

Hand Weapons
 a - a +0 flail (weapon)
Missiles
 d - 2 poisoned darts (quivered)
 l - 5 atropa-tipped darts
Armour
 b - a +0 scale mail (worn)
 c - a +1 buckler (worn)
Jewellery
 i - an amulet of reflection (around neck)
Wands
 e - a wand of light (13)
Scrolls
 f - a scroll of identify
 g - a scroll of noise
 h - a scroll of fog
 k - a scroll of teleportation
 n - a scroll of vulnerability


   Skills:
 - Level 3.0 Fighting
 + Level 4.5 Maces & Flails
 - Level 2.4 Armour
 - Level 2.4 Shields


You had 4 spell levels left.
You didn't know any spells.
Your spell library was empty.

Dungeon Overview and Level Annotations

Branches:
Dungeon (4/15)
 Temple: D:4-7

Altars:
Cheibriados


Innate Abilities, Weirdness & Mutations

You are immune to poison.
Your flesh is cold resistant. (rC+)
You are immune to negative energy. (rN+++)
You are immune to unholy pain and torment.
You are vulnerable to heat. (rF-)
You are in touch with the powers of death.
You do not drink.
You have a special connection with the divine. (Faith)


Message History

You hit the iguana.
The iguana is severely wounded.
The iguana bites you.
* * * LOW HITPOINT WARNING * * *
You block the iguana's attack.
You completely miss the iguana.
The iguana is severely wounded.
You block the iguana's attack.
You closely miss the iguana.
The iguana is severely wounded.
The iguana misses you.
You hit the iguana.
The iguana is almost dead.
You block the iguana's attack.
You hit the iguana but do no damage.
The iguana is almost dead.
The iguana bites you but does no damage.
You closely miss the iguana.
The iguana is almost dead.
The iguana closely misses you. You block the iguana's attack.
You hit the iguana.
The iguana is almost dead.
The iguana bites you!
* * * LOW HITPOINT WARNING * * *
You completely miss the iguana.
The iguana is almost dead.
You block the iguana's attack.
You closely miss the iguana.
The iguana is almost dead.
You block the iguana's attack.
You hit the iguana but do no damage.
The iguana is almost dead.
The iguana barely misses you. You block the iguana's attack.
You hit the iguana but do no damage.
The iguana is almost dead.
You block the iguana's attack.
You barely miss the iguana.
The iguana is almost dead.
The iguana bites you!
You die...

## ### .. ..# #.#.
#.# ##....##.#######
.....Jl@........
##....##..##### #.#.
#..# #.#.###..# ####
#........# #..
###+####.# #.# #
##...###.###.###.#
##.....##.........#
##.......#####..####


You could see an iguana and an endoplasm.

Vanquished Creatures
  2 orc wizards (D:4)
  4 adders
  3 dart slugs
  7 orcs
  5 bats
  7 endoplasms
  2 giant cockroaches
  8 goblins
  4 hobgoblins
  6 jackals (D:1)
  2 quokkas (D:1)
  4 ball pythons
  3 frilled lizards
  5 kobolds
  5 rats
67 creatures vanquished.

Notes
Turn   | Place    | Note
-------+----------+-------------------------------------------
     0 | D:1      | ryw the Mummy Fighter began the quest for the Orb.
     0 | D:1      | Reached XP level 1. HP: 18/18 MP: 1/1
    56 | D:1      | Reached skill level 2 in Maces & Flails
    59 | D:1      | Reached XP level 2. HP: 24/24 MP: 2/2
   240 | D:1      | Gained mutation: You are in touch with the powers of death.
                  | [Mummy growth]
   240 | D:1      | Reached XP level 3. HP: 19/29 MP: 3/3
   305 | D:1      | Reached skill level 3 in Maces & Flails
  1073 | D:2      | Reached XP level 4. HP: 35/35 MP: 4/4
  1559 | D:3      | Found a snail-covered altar of Cheibriados.
  1966 | D:3      | Reached skill level 4 in Maces & Flails
  2566 | D:4      | Noticed a black bear
  2662 | D:4      | Reached XP level 5. HP: 26/41 MP: 5/5
  2756 | D:4      | HP: 1/41 [iguana (7)]
  2761 | D:4      | Slain by an iguana

Illustrated notes

Levels and vault maps discovered:
D:1:      lemuel_arrival_lava_pool, layout_rooms, minmay_tetromino_i4
D:2:      layout_basic, serial_curves, eino_curves_02, eino_curves_02,
          eino_curves_04, eino_curves_04
D:3:      layout_basic, lemuel_doored_altar, kennysheep_big_empty_room,
          kennysheep_crisscross
D:4:      layout_loops_corners, trog_wizard, st_stairs_2, minmay_fire_ice_demons

Skill      XL: |  1  2  3  4 |
---------------+-------------+-----
Maces & Flails | 2 3 4 |  4.5
Fighting       | |  3.0
Armour         | |  2.4
Shields        | |  2.4

Action                     |  1- 3 |  4- 6 || total
---------------------------+-------+-------++-------
  Melee: Flail             |   123 |   101 ||   224
    Use: Scroll            |       |     9 ||     9
 Armour: Scale mail        |    69 |    32 ||   101
  Dodge: Dodged            |    66 |    26 ||    92
  Block: Buckler           |    28 |    42 ||    70

Table legend: (Time is in decaauts)
 A = Elapsed time spent in this place.
 B = Non-inter-level travel time spent in this place.
 C = Inter-level travel time spent in this place.
 D = Time resting spent in this place.
 E = Time spent auto-exploring this place.
 F = Levels seen in this place.
 G = Mean time per level.
                   A        B        C        D        E       F      G
               +--------+--------+--------+--------+--------+-----+--------+
         Total |   2821 |   2630 |    191 |    362 |   1731 |   4 |  705.2 |
       Dungeon |   2821 |   2630 |    191 |    362 |   1731 |   4 |  705.2 |
               +--------+--------+--------+--------+--------+-----+--------+

Top non-repeatable levels by time:
     D:3: 1177 daAuts
     D:2: 1006 daAuts
     D:1: 496 daAuts
     D:4: 140 daAuts
